 Dungeon Crawl Stone Soup version 0.20.1-1-g8b1a95d (webtiles) character file.

65 Linguinho the Sneak (level 3, -6/27 HPs)
             Began as a Demonspawn Assassin on Oct 29, 2017.
             Killed from afar by Natasha (9 damage)
             ... with a magic dart
             ... on level 2 of the Dungeon.
             The game lasted 00:01:51 (1335 turns).

Linguinho the Sneak (Demonspawn Assassin)           Turns: 1335, Time: 00:01:51

Health: -6/27      AC:  4    Str: 11    XL:     3   Next: 92%
Magic:  3/3        EV: 12    Int: 12    God:
Gold:   61         SH:  0    Dex: 15    Spells: 2/2 levels left

rFire    . . .     SeeInvis .   a - +2 dagger
rCold    . . .     Gourm    .   (no shield)
rNeg     . . .     Faith    .   c - +0 robe
rPois    .         Spirit   .   (no helmet)
rElec    .         Reflect  .   d - +0 cloak
rCorr    .         Harm     .   (no gloves)
MR       .....                  (no boots)
Stlth    +++.......             (no amulet)
Regen    0.1/turn               (no ring)
MPRegen  0.1/turn               (no ring)

@: slowed, very slow
A: rugged brown scales 1, spiny 1
a: no special abilities


You were on level 2 of the Dungeon.
You were not hungry.

You visited 1 branch of the dungeon, and saw 2 of its levels.

You collected 61 gold pieces.

Inventory:

Hand Weapons
 a - a +2 dagger (weapon)
 b - a +0 blowgun
Missiles
 e - 8 poisoned needles
 f - 2 curare-tipped needles
Armour
 c - a +0 robe (worn)
 d - a +0 cloak (worn)
Scrolls
 j - 3 scrolls of identify {unknown}
 m - a scroll of teleportation {unknown}
 n - 3 scrolls of enchant weapon {unknown}
 o - a scroll of fear {unknown}
Potions
 h - a potion of ambrosia {unknown}
 i - 2 potions of heal wounds {unknown}
 k - a potion of cancellation {unknown}
 l - a potion of brilliance {unknown}
Comestibles
 g - a bread ration
 p - 2 chunks of flesh


   Skills:
 + Level 2.0 Fighting
 + Level 2.2 Short Blades
 + Level 2.0 Throwing
 * Level 0.3 Armour
 + Level 1.1 Dodging
 + Level 4.7 Stealth


You had 2 spell levels left.
You didn't know any spells.

Dungeon Overview and Level Annotations

Branches:
Dungeon (2/15)

Altars:

Annotations:
D:2 Natasha


Innate Abilities, Weirdness & Mutations

You are partially covered in rugged brown scales. (AC +1, +3% HP)
You are partially covered in sharp spines.


Message History

Natasha casts a spell.
You closely miss Natasha. Natasha claws you!
You hit Natasha but do no damage. Natasha closely misses you.
The crimson imp blinks!
You hit Natasha but do no damage.
Natasha stares at you and mumbles some strange words.
You feel yourself slow down.
You hit Natasha.
Natasha is lightly wounded.
Natasha claws you but does no damage.
You hit Natasha but do no damage.
Natasha is lightly wounded.
Natasha claws you. x2
You hit Natasha.
Natasha is heavily wounded.
Natasha is struck by your spines. Natasha claws you!
* * * LOW HITPOINT WARNING * * *
Natasha casts a spell at you. The magic dart hits you!
You die...

.###.# ##.##.# # .# .#
##.##.##.######## #
.###.#####......)........#
#
......<.....##.##.######.#
# .....#.# #..##.##.# #.#
# .......# #........# #.#
# .#####.###..##.#### #.#
# .# ....##.##### #.# # ##
#........@h.# #.# # #
###########5# #.# # # ...
#.# # # ##.# #.###### #
### .# #.##...### ...# #
#.##.#.... ##)# #........#
# #####.##.# #.##.#


You could see Natasha and a white imp.

Vanquished Creatures
  A gnoll (D:1)
  2 adders (D:2)
  3 dart slugs (D:1)
  5 bats
  2 giant cockroaches
  3 goblins
  5 hobgoblins
  3 kobolds
  A ball python (D:1)
  4 frilled lizards
  3 rats (D:1)
32 creatures vanquished.

Notes
Turn   | Place    | Note
-------+----------+-------------------------------------------
     0 | D:1      | Linguinho the Demonspawn Assassin began the quest for the Orb.
     0 | D:1      | Reached XP level 1. HP: 16/16 MP: 1/1
    87 | D:1      | Reached skill level 4 in Stealth
   102 | D:1      | Gained mutation: You are partially covered in rugged brown scales. (AC +1, +3% HP) [demonic ancestry]
   102 | D:1      | Reached XP level 2. HP: 16/22 MP: 2/2
   602 | D:1      | Gained mutation: You are partially covered in sharp spines. [demonic ancestry]
   602 | D:1      | Reached XP level 3. HP: 8/27 MP: 3/3
   604 | D:1      | Reached skill level 1 in Dodging
  1320 | D:2      | Noticed Natasha
  1335 | D:2      | Killed from afar by Natasha

Skill      XL: |  1  2  3 |
---------------+----------+-----
Stealth        | 4 |  4.7
Throwing       | 2 |  2.0
Short Blades   | 2 |  2.2
Dodging        | 1 |  1.1
Fighting       | |  2.0
Armour         | |  0.3

Action                   || total
-------------------------++-------
Melee: Dagger            ||    87
 Stab: Sleeping          ||    14
  Eat: Chunk             ||     1
Armor: Robe              ||    11
Dodge: Dodged            ||    32
